 Dungeon Crawl Stone Soup version 0.17-a0-2109-g117576f (webtiles) character file.

8 ololoev the Firebug (level 2, 11/19 HPs)
             Began as a Demonspawn Fire Elementalist on Oct 19, 2015.
             Quit the game on level 1 of the Dungeon.
             The game lasted 00:00:31 (131 turns).

ololoev the Firebug (Demonspawn Fire Elementalist)   Turns: 131, Time: 00:00:32

Health: 11/19      AC:  2    Str:  8    XL:     2   Next: 0%
Magic:  5/5        EV: 12    Int: 16    God:
Gold:   18         SH:  0    Dex: 13    Spells: 1 memorised, 4 levels left

rFire  . . .     SeeInvis .     d - +0 short sword
rCold  . . .     Clarity  .     a - +0 robe
rNeg   . . .     SustAt   .     (no shield)
rPois  .         Gourm    .     (no helmet)
rElec  .         Spirit   .     (no cloak)
rCorr  .         Warding  .     (no gloves)
rMut   .         Stasis   .     (no boots)
MR     .....                    (no amulet)
Stlth  ++........               (no ring)
                                (no ring)

@: not resistant to hostile enchantments, unstealthy
A: rot immunity
a: no special abilities


Innate Abilities, Weirdness & Mutations

You are immune to rotting.

Inventory:

Hand Weapons
 d - a +0 short sword (weapon)
Armour
 a - a +0 robe (worn)
Scrolls
 e - a scroll of teleportation {unknown}
Books
 b - a book of Flames

   Spells                             Type                      Level
   a - Flame Tongue                   Conjuration/Fire             1
   b - Throw Flame                    Conjuration/Fire             2
   c - Conjure Flame                  Conjuration/Fire             3
   d - Inner Flame                    Hexes/Fire                   3
   e - Sticky Flame                   Conjuration/Fire             4
   f - Fireball                       Conjuration/Fire             5
Comestibles
 c - a bread ration


   Skills:
 - Level 1.7 Dodging
 - Level 1.7 Stealth
 + Level 2.1 Spellcasting
 * Level 1.5 Conjurations
 + Level 2.8 Fire Magic


You had 4 spell levels left.
You knew the following spells:

 Your Spells              Type           Power        Failure   Level  Hunger
a - Flame Tongue          Conj/Fire      #....        10%         1    #......


You were on level 1 of the Dungeon.
You were not hungry.

You visited 1 branch of the dungeon, and saw 1 of its levels.

You collected 18 gold pieces.

.......).#.##.#.###.......
♣♣♣♣♣♣...#.##.#.#....)....
##..#.##†#...........
#†.#.##.#...........
#..#.##.............
#..#.#...†......#.## #..#
#..#..##.#.# #..#
#!.#.†.....# #..#
#..#.@#.##.# #..#
#..#..#..#.# ...# #..#..#
.# # #..#... .# #.[. .
.)... ## #>..# ....#

Notes
Turn   | Place    | Note
--------------------------------------------------------------
     0 | D:1      | ololoev the Demonspawn Fire Elementalist began the quest for the Orb.
     0 | D:1      | Reached XP level 1. HP: 13/13 MP: 3/3
   130 | D:1      | Gained mutation: You are immune to rotting. [demonic ancestry]
   130 | D:1      | Reached XP level 2. HP: 11/19 MP: 5/5
   131 | D:1      | Quit the game

Dungeon Overview and Level Annotations

Branches:
Dungeon (1/15)

Altars:


Message History

A bat is nearby!
A bat is nearby!
A bat is nearby!
A bat comes into view.
The bat closely misses you.
Found a hunting sling.
You barely miss the bat. The bat hits you but does no damage. The bat hits you.
You hit the bat.
The bat is moderately wounded.
The bat barely misses you. The bat hits you.
You closely miss the bat.
The bat is moderately wounded.
The bat hits you but does no damage. The bat barely misses you.
The bat hits you but does no damage. x2
You hit the bat.
The bat is heavily wounded.
The bat closely misses you. The bat hits you but does no damage.
The bat hits you.
You barely miss the bat.
The bat is moderately wounded.
The bat hits you but does no damage. x2
The bat hits you but does no damage. The bat barely misses you.
Found a stone staircase leading down.
The bat hits you but does no damage.
You barely miss the bat.
The bat is moderately wounded.
The bat hits you but does no damage. The bat hits you.
The bat barely misses you. The bat hits you but does no damage.
You hit the bat.
You kill the bat!
The bat misses you. The bat barely misses you.
You barely miss the bat.
The bat is moderately wounded.
The bat hits you but does no damage.
You hit the bat.
You kill the bat!
You have reached level 2!
Your demonic ancestry asserts itself...
You feel immune to rotting.
Are you sure you want to abandon this character and quit the game? (Confirm with "yes".)

There were no monsters in sight!

Vanquished Creatures
  A giant cockroach (D:1)
  A hobgoblin (D:1)
  A ball python (D:1)
  3 bats (D:1)
  A kobold (D:1)
  A rat (D:1)
8 creatures vanquished.

Action                   || total
-------------------------++-------
Melee: Short sword       ||    17
 Cast: Flame Tongue      ||     5
 Stab: Sleeping          ||     1

Vault maps used:
D:1:      eino_arrival_tree_alley
